Map: Frozen Temple

Players

Rhoust

  • Race: Protoss Protoss
  • League: Master

Miszu - Winner!

  • Race: Terran Terran
  • League: Master

VOD

Have the link to the VOD?

Description

Time

  • Played on: July 3, 2016, 11:22 a.m.
  • Length: 6:53
Show
View Real Time Build Order
Export as new Build Order

Rhoust Protoss 

Build Orders: 1 Gate Expand, Blink Stalkers 

Get SALT Encoding   

  12  0:01  Probe (Chrono Boost)  
  13  0:11  Probe (Chrono Boost)  
  14  0:17  Pylon  
  14  0:22  Probe (Chrono Boost)  
  15  0:36  Probe (Chrono Boost)  
  15  0:37  Gateway  
  15  0:42  Assimilator  
  16  0:46  Probe (Chrono Boost)  
  18  0:57  Probe (Chrono Boost)  
  18  1:07  Probe (Chrono Boost)  
  19  1:21  Nexus  
  19  1:32  Cybernetics Core  
  19  1:35  Probe (Chrono Boost)  
  20  1:42  Assimilator  
  20  1:46  Probe (Chrono Boost)  
  21  1:51  Pylon  
  21  1:58  Probe (Chrono Boost)  
  22  2:10  Adept, Mothership Core (Chrono Boost)  
  22  2:13  Warp Gate  
  25  2:28  Probe (Chrono Boost)  
  26  2:31  Robotics Facility  
  26  2:34  Probe (Chrono Boost)  
  27  2:41  Probe (Chrono Boost)  
  28  2:44  Probe (Chrono Boost)  
  30  2:51  Probe (Chrono Boost)  
  30  2:55  Probe (Chrono Boost)  
  31  3:00  Twilight Council  
  31  3:02  Probe (Chrono Boost)  
  33  3:05  Probe (Chrono Boost)  
  33  3:12  Probe (Chrono Boost)  
  34  3:14  Gateway  
  34  3:16  Probe (Chrono Boost)  
  35  3:23  Probe (Chrono Boost)  
  35  3:25  Probe (Chrono Boost)  
  35  3:26  Gateway  
  37  3:29  Observer (Chrono Boost)  
  37  3:34  Probe  
  39  3:36  Pylon  
  39  3:37  Probe  
  40  3:43  Blink (Chrono Boost)  
  40  3:46  Probe  
  40  3:47  Probe  
  43  3:56  Observer  
  43  3:58  Probe x2  
  43  4:00  Pylon  
  45  4:09  Probe  
  45  4:10  Probe  
  47  4:17  Nexus  
  47  4:18  Pylon  
  47  4:20  Probe  
  47  4:21  Observer  
  49  4:24  Assimilator  
  49  4:27  Stalker  
  51  4:31  Probe  
  51  4:33  Stalker, Probe  
  55  4:43  Probe  
  56  4:46  Stalker  
  57  5:03  Stalker x2  
  57  5:06  Probe  
  58  5:07  Probe  
  59  5:17  Mothership Core  
  59  5:18  Probe  
  52  5:31  Probe  
  52  5:32  Probe  
  47  5:36  Probe  
  48  5:43  Probe x2  
  48  5:46  Forge  
  48  5:47  Probe  
  51  5:52  Stalker  
  51  5:53  Probe  
  51  5:55  Probe  
  49  5:57  Probe  
  49  6:04  Probe  
  47  6:07  Probe  
  47  6:08  Probe  
  50  6:14  Probe  
  50  6:18  Stalker, Probe  
  52  6:19  Probe  
  52  6:25  Probe  
  53  6:29  Probe  
  53  6:31  Probe  
  56  6:35  Probe  
  56  6:39  Probe  
  55  6:42  Adept x2  
Show
View Real Time Build Order
Export as new Build Order

Miszu Terran - Winner!

Build Orders: Liberator Opening, Reaper Expand 

Get SALT Encoding   

  12  0:01  SCV  
  13  0:13  SCV  
  14  0:18  Supply Depot  
  14  0:25  SCV  
  15  0:39  SCV  
  15  0:41  Barracks  
  16  0:44  Refinery  
  16  0:52  SCV  
  17  1:04  SCV  
  18  1:16  SCV  
  19  1:28  Orbital Command  
  19  1:29  Reaper  
  20  1:41  Command Center  
  20  1:51  Supply Depot  
  20  1:54  SCV  
  21  2:06  Barracks Reactor, SCV  
  22  2:18  SCV  
  22  2:20  Refinery  
  22  2:21  Factory  
  23  2:30  SCV  
  24  2:42  SCV  
  24  2:44  Marine x2  
  26  2:54  Orbital Command  
  26  2:56  SCV  
  27  3:01  Marine  
  27  3:02  Marine  
  27  3:05  Starport, Widow Mine  
  29  3:09  SCV  
  32  3:19  Marine x2  
  33  3:21  SCV  
  33  3:24  SCV  
  36  3:27  Supply Depot  
  36  3:33  SCV  
  37  3:36  SCV  
  37  3:37  Marine x2  
  37  3:38  Widow Mine  
  42  3:42  Medivac  
  42  3:45  SCV  
  45  3:50  Supply Depot, SCV  
  46  3:57  SCV  
  46  3:58  Marine x2, Liberator  
  46  4:02  SCV  
  50  4:04  Command Center  
  50  4:07  Factory Tech Lab  
  50  4:09  SCV  
  51  4:12  Supply Depot  
  55  4:17  SCV  
  55  4:22  Marine, SCV  
  55  4:23  Marine  
  58  4:27  Siege Tank  
  58  4:30  SCV  
  62  4:36  Barracks x2  
  62  4:39  SCV  
  62  4:42  Refinery  
  62  4:44  Refinery  
  63  4:45  SCV  
  63  5:07  SCV x2  
  63  5:10  Siege Tank  
  63  5:12  Starport Reactor  
  67  5:19  SCV x2  
  69  5:25  Marine, Barracks Tech Lab  
  69  5:26  Barracks Tech Lab, Orbital Command  
  70  5:30  Marine  
  70  5:31  SCV x2  
  70  5:35  Bunker  
  71  5:42  Siege Tank  
  74  5:43  SCV x2  
  74  5:55  SCV x2  
  76  5:57  Marine x2  
  76  5:59  Marine  
  76  6:00  Marine  
  78  6:06  Medivac x2  
  78  6:08  Barracks  
  78  6:09  Supply Depot, Barracks  
  78  6:10  Supply Depot, SCV  
  78  6:11  Supply Depot, SCV  
  84  6:15  Marine  
  85  6:22  Orbital Command  
  85  6:30  Marine x3, SCV x2  
  93  6:33  Marine  
  93  6:36  Supply Depot  
  93  6:38  Supply Depot  
Tags
 
Add a new tag
Caveats
  • Supply blocks, unpowered buildings, or Contaminate may cause inaccurate times.
  • Supply counts are checked every 10 seconds.